 Dungeon Crawl Stone Soup version 0.28.0 (webtiles) character file.

Game seed: 12543344923519573305

9 Karpo the Sneak (level 2, 0/13 HPs)
             Began as a Spriggan Enchanter on Feb 16, 2022.
             Slain by a jackal (2 damage)
             ... on level 1 of the Dungeon.
             The game lasted 00:00:44 (712 turns).

Karpo the Sneak (Spriggan Enchanter)                 Turns: 712, Time: 00:00:44

Health: 0/13       AC:  2    Str:  4    XL:     2   Next: 3%
Magic:  6/6        EV: 17    Int: 16    God:
Gold:   9          SH:  0    Dex: 15    Spells: 6/6 levels left

rFire   . . .      SeeInvis +   a - +1 dagger
rCold   . . .      Faith    .   (no shield)
rNeg    . . .      Spirit   .   b - +0 robe
rPois   .          Reflect  .   (helmet restricted)
rElec   .          Harm     .   (no cloak)
rCorr   .          Rampage  .   (gloves unavailable)
Will    .....                   (boots unavailable)
Stlth   +++.......              (no amulet)
HPRegen 0.04/turn               (no ring)
MPRegen 0.10/turn               (no ring)

@: very quick
A: very small, no large weapons, unfitting armour, see invisible, speed 3
a: no special abilities


You were on level 1 of the Dungeon.
You visited 1 branch of the dungeon, and saw 1 of its levels.

You collected 9 gold pieces.

Inventory:

Hand Weapons
 a - a +1 dagger (weapon)
Armour
 b - a +0 robe (worn)
Potions
 c - a potion of invisibility


   Skills:
 + Level 1.8 Short Blades
 - Level 2.6 Dodging
 + Level 5.0 Stealth
 - Level 2.6 Spellcasting
 - Level 3.6 Hexes


You had 6 spell levels left.
You didn't know any spells.
Your spell library contained the following spells:

 Spells                   Type           Power      Damage    Failure   Level
 Confusing Touch          Hex            13%        N/A       13%         3
 Tukima's Dance           Hex            13%        N/A       13%         3
 Ensorcelled Hibernation  Hex/Ice        14%        N/A       14%         2
 Dazzling Flash           Conj/Hex       14%        N/A       28%         3


Dungeon Overview and Level Annotations

Branches:
Dungeon (1/15)

Altars:


Innate Abilities, Weirdness & Mutations

You are very small and have problems with some larger weapons.
You are too small for most types of armour.
You have supernaturally acute eyesight. (SInv)
You cover ground extremely quickly. (Speed+++)


Message History

There is a stone staircase leading down here.
You closely miss the jackal. The jackal misses you.
You barely miss the jackal. The jackal closely misses you.
The jackal completely misses you. The jackal barely misses you.
The jackal bites you.
You completely miss the jackal. The jackal misses you. The jackal bites you.
The jackal barely misses you.
You closely miss the jackal. The jackal barely misses you.
The jackal closely misses you. The jackal bites you.
You hit the jackal.
The jackal is lightly wounded.
The jackal misses you. x3; The jackal closely misses you.
You hit the jackal.
The jackal is moderately wounded.
The jackal misses you. The jackal bites you. The jackal misses you.
The jackal barely misses you. The jackal completely misses you.
You closely miss the jackal.
The jackal is moderately wounded.
The jackal bites you but does no damage.
The jackal closely misses you.
The jackal bites you but does no damage.
You miss the jackal.
The jackal is moderately wounded.
The jackal closely misses you. The jackal misses you. x2
The jackal closely misses you.
You hit the jackal but do no damage.
The jackal is moderately wounded.
The jackal barely misses you. The jackal closely misses you.
The jackal misses you. The jackal bites you. The jackal closely misses you.
You barely miss the jackal.
The jackal is moderately wounded.
The jackal barely misses you.
The jackal bites you but does no damage.
The jackal completely misses you.
You hit the jackal but do no damage.
The jackal is moderately wounded.
The jackal bites you.
* * * LOW HITPOINT WARNING * * *
The jackal bites you.
You die...

#....## #.....# #.....#
###### #.....# #.....
#.....# #.....
####.....#####.....
.........'.........
###########...#####.....
......h@h.....# ##....
.######h#####.# #....
#h# ##.# #†... #.. ...
+.... ### ###.#####....
..........###
..........# ..........#
.............


You could see 4 jackals.

Vanquished Creatures
  2 goblins (D:1)
  A quokka (D:1)
  3 ball pythons (D:1)
  A frilled lizard (D:1)
  A kobold (D:1)
  A rat (D:1)
9 creatures vanquished.

Notes
Turn   | Place    | Note
-------+----------+-------------------------------------------
     0 | D:1      | Karpo the Spriggan Enchanter began the quest for the Orb.
     0 | D:1      | Reached XP level 1. HP: 9/9 MP: 5/5
   609 | D:1      | Reached skill level 5 in Stealth
   609 | D:1      | Reached XP level 2. HP: 10/13 MP: 6/6
   712 | D:1      | Slain by a jackal

Illustrated notes

Levels and vault maps discovered:
D:1:      wheals_arrival_linesprint, layout_basic, nrook_campfire

Skill      XL: |  1 |
---------------+----+-----
Stealth        | 5 |  5.0
Short Blades   | |  1.8
Dodging        | |  2.6
Spellcasting   | |  2.6
Hexes          | |  3.6

Action                   || total
-------------------------++-------
Melee: Dagger            ||    44
 Stab: Sleeping          ||     1
Armor: Robe              ||     4
Dodge: Dodged            ||    50
